 Dungeon Crawl Stone Soup version 0.27-a0-1101-ge311f74bc8 (console) character file.

Game seed: 14281592158364459700

21 nht the Chopper (level 2, 0/27 HPs)
             Began as a Hill Orc Monk on Apr 28, 2021.
             Frozen to death by an endoplasm (1 damage)
             ... on level 1 of the Dungeon.
             The game lasted 00:01:02 (937 turns).

nht the Chopper (Hill Orc Monk)                      Turns: 937, Time: 00:01:03

Health: 0/27       AC:  2    Str: 13    XL:     2   Next: 87%
Magic:  1/1        EV: 12    Int: 10    God:
Gold:   47         SH:  0    Dex: 13    Spells: 1/1 levels left

rFire    . . .     SeeInvis +   a - +0 hand axe
rCold    . . .     Faith    .   (no shield)
rNeg     . . .     Spirit   .   b - +0 robe
rPois    .         Reflect  .   (helmet restricted)
rElec    .         Harm     .   (no cloak)
rCorr    .         Rampage  .   (no gloves)
Will     .....                  (no boots)
Stlth    ++........             (no amulet)
HPRegen  0.09/turn              c - ring of see invisible
MPRegen  0.07/turn              (no ring)

@: attractive
A: horns 1, low mp 1
a: no special abilities


You were on level 1 of the Dungeon.
You visited 1 branch of the dungeon, and saw 2 of its levels.

You collected 47 gold pieces.

Inventory:

Hand Weapons
 a - a +0 hand axe (weapon)
Armour
 b - a +0 robe (worn)
Jewellery
 c - a ring of see invisible (left hand)


   Skills:
 + Level 3.9 Fighting
 * Level 4.7 Axes
 + Level 1.1 Armour
 - Level 2.4 Dodging
 - Level 1.5 Stealth


You had one spell level left.
You didn't know any spells.
Your spell library was empty.

Dungeon Overview and Level Annotations

Branches:
Dungeon (2/15)

Altars:


Innate Abilities, Weirdness & Mutations

You have a pair of small horns on your head.
Your magical capacity is low. (-10% MP)


Message History

The quokka is heavily wounded.
The quokka bites you.
You miss the quokka.
The quokka is heavily wounded.
You hit the endoplasm. The quokka barely misses you.
The endoplasm closely misses you. The quokka misses you.
You closely miss the quokka.
The quokka is heavily wounded.
You hit the endoplasm. The endoplasm freezes you.
You are frozen.
The quokka closely misses you.
You hit the endoplasm.
The endoplasm is almost dead.
You hit the quokka.
You kill the quokka!
The endoplasm freezes you.
You are frozen.
* * * LOW HITPOINT WARNING * * *
You barely miss the endoplasm. You hit the endoplasm but do no damage.
The endoplasm freezes you.
You are frozen.
* * * LOW HITPOINT WARNING * * *
The endoplasm barely misses you.
It was a potion of attraction.
You feel attractive to monsters. The endoplasm hits you.
* * * LOW HITPOINT WARNING * * *
The endoplasm closely misses you.
It was a potion of mutation.
You feel extremely strange.
You feel less energetic. A pair of horns grows on your head!
The endoplasm hits you.
* * * LOW HITPOINT WARNING * * *
The endoplasm freezes you.
You are frozen.
* * * LOW HITPOINT WARNING * * *
The endoplasm misses you.
A hobgoblin comes into view.
The endoplasm freezes you.
You are frozen.
You die...

█... █....
█...█ . █...█
.█
█████████...█
.█
...........██?█
.g
█......†....█
.█
█....!.██████.█
█...!..!.JJ@.█
██
█.........████
.█ █........██
.█ ██.███████
.█ ███.█████
█████.......█
█...........█
............█
█...........█


You could see 2 endoplasms and a hobgoblin (asleep).

Vanquished Creatures
  4 endoplasms (D:1)
  4 jackals (D:1)
  A quokka (D:1)
  2 ball pythons (D:1)
  A bat (D:1)
  2 frilled lizards (D:1)
  3 goblins (D:1)
  A kobold (D:1)
  A rat (D:1)
19 creatures vanquished.

Notes
Turn   | Place    | Note
-------+----------+-------------------------------------------
     0 | D:1      | nht the Hill Orc Monk began the quest for the Orb.
     0 | D:1      | Reached XP level 1. HP: 19/19 MP: 1/1
   436 | D:1      | Reached XP level 2. HP: 27/27 MP: 2/2
   738 | D:1      | Reached skill level 1 in Armour
   932 | D:1      | Gained mutation: Your magical capacity is low. (-10% MP)
                  | [potion of mutation]
   932 | D:1      | Gained mutation: You have a pair of small horns on your
                  | head. [potion of mutation]
   932 | D:1      | HP: 1/27 [frozen (3)]
   937 | D:1      | Frozen to death by an endoplasm

Illustrated notes

Levels and vault maps discovered:
D:1:      minmay_arrival_four_loops, layout_basic, minmay_cut_off
D:2:      minmay_alternating_diamond, layout_basic, basic_altar,
          uniq_crazy_yiuf_cottage, uniq_robin

Skill      XL: |  1  2 |
---------------+-------+-----
Armour         | 1 |  1.1
Fighting       | |  3.9
Axes           | |  4.7
Dodging        | |  2.4
Stealth        | |  1.5

Action                   || total
-------------------------++-------
Melee: Hand axe          ||    66
  Use: Potion            ||     2
 Stab: Sleeping          ||     2
Armor: Robe              ||     9
Dodge: Dodged            ||    45

Table legend: (Time is in decaauts)
 A = Elapsed time spent in this place.
 B = Non-inter-level travel time spent in this place.
 C = Inter-level travel time spent in this place.
 D = Time resting spent in this place.
 E = Time spent auto-exploring this place.
 F = Levels seen in this place.
 G = Mean time per level.
                   A        B        C        D        E       F      G
               +--------+--------+--------+--------+--------+-----+--------+
         Total |    941 |    936 |      5 |      0 |    794 |   2 |  470.5 |
       Dungeon |    941 |    936 |      5 |      0 |    794 |   2 |  470.5 |
               +--------+--------+--------+--------+--------+-----+--------+

Top non-repeatable levels by time:
     D:1: 939 daAuts
     D:2: 1 daAuts
